 Seeded DCSS version 0.31-a0-486-g8d68a81214 (webtiles) character file.

Game seed: 11262840332808874561 (custom seed)

2429 innerfire43 the Trooper (level 9, -4/71 (72) HPs)
             Began as a Demonspawn Monk on Aug 7, 2023.
             Was an Elder of Okawaru.
             Slain by a +0 quarterstaff of chaos (5 damage)
             ... on level 7 of the Dungeon.
             The game lasted 00:08:27 (6015 turns).

innerfire43 the Trooper (Demonspawn Monk)           Turns: 6015, Time: 00:08:28

HP:   -4/71 (72)    AC: 11    Str: 15    XL:     9   Next: 24%
MP:   11/11         EV: 14    Int: 13    God:    Okawaru [****..]
Gold: 445           SH:  4    Dex: 21    Spells: 8/8 levels left

rFire   . . .        j - +2 hand axe (venom)
rCold   . . .        x - -1 buckler of Nueb {SInv}
rNeg    + . .        s - +1 leather armour {rN+}
rPois   .            n - +0 helmet
rElec   .            m - +0 cloak
rCorr   .            u - +0 pair of gloves
SInv    +            f - +0 pair of boots
Will    .....        (no amulet)
Stlth   ++           q - +6 ring of dexterity
HPRegen 0.31/turn    (no ring)
MPRegen 0.12/turn

%: no passive effects
@: lightly drained
A: icy blue scales 2, black mark, condensation shield, demonic magic 1,
bedeviling
a: Renounce Religion, Heroism, Finesse


You were on level 7 of the Dungeon.
You worshipped Okawaru.
Okawaru was greatly pleased with you.
You visited 1 branch of the dungeon, and saw 7 of its levels.

You collected 445 gold pieces.

Inventory:

Hand Weapons
 a - a +0 hand axe
 j - a +2 hand axe of venom (weapon)
Armour
 b - a +0 robe
 d - an orb of light
 f - a +0 pair of boots (worn)
 m - a +0 cloak (worn)
 n - a +0 helmet (worn)
 s - a +1 leather armour of positive energy (worn)
 u - a +0 pair of gloves (worn)
 x - the -1 buckler of Nueb (worn) {SInv}
   (You found it on level 6 of the Dungeon)

   SInv:      It lets you see invisible.
 y - the +1 robe of Watchfulness {rElec Stlth+}
   (You found it on level 7 of the Dungeon)

   rElec:     It insulates you from electricity.
   Stlth:     It makes you more stealthy.
Jewellery
 q - a +6 ring of dexterity (left hand)
Talismans
 h - a beast talisman
Wands
 t - a wand of flame (7)
 w - a wand of iceblast (10)
Scrolls
 g - 2 scrolls of teleportation
 i - 2 scrolls of blinking
 o - a scroll of enchant weapon
 p - a scroll of summoning
 v - a scroll of immolation
 B - a scroll of revelation {unknown}
 C - a scroll of fog
Potions
 c - a potion of magic {unknown}
 e - 2 potions of brilliance {unknown}
 k - 2 potions of heal wounds
 l - 2 potions of curing {unknown}
 r - a potion of cancellation {unknown}
 z - 2 potions of attraction {unknown}
 A - a potion of degeneration {unknown}


   Skills:
 + Level 7.0 Fighting
 + Level 6.5 Axes
 - Level 1.1 Armour
 - Level 4.6 Dodging
 - Level 3.2 Invocations
 * Level 5.0 Shapeshifting


You had 8 spell levels left.
You didn't know any spells.
Your spell library contained the following spells:

 Spells                   Type           Power      Damage    Failure   Level
 Magic Dart               Conj           0%         1d3       45%         1
 Sandblast                Erth           0%         2d4       45%         1
 Lesser Beckoning         Tloc           0%         N/A       61%         2
 Passwall                 Tmut/Erth      0%         N/A       61%         2
 Searing Ray              Conj           0%         2d4       61%         2
 Gell's Gravitas          Tloc           0%         N/A       83%         3
 Hailstorm                Conj/Ice       0%         3d3       83%         3
 Stone Arrow              Conj/Erth      0%         3d7       83%         3
 Teleport Other           Tloc           0%         N/A       83%         3
 Fulminant Prism          Conj/Hex       0%         3d5       99%         4
 Summon Ice Beast         Ice/Summ       Unusable   N/A       N/A         4
 Simulacrum               Ice/Necr       Unusable   N/A       N/A         6

Dungeon Overview and Level Annotations

Branches:
Dungeon (7/15)             Temple (0/1) D:7

Altars:
Gozag
Okawaru
Xom

Shops:
D:2 :   D:4 *

Annotations:
D:7 Pokonic1's ghost, novice DsIE


Innate Abilities, Weirdness & Mutations

You are mostly covered in icy blue scales. (AC +3)
Your melee attacks may debilitate your foes.
A meltable shield of frost defends you. (SH +0)
Spells you cast may paralyse adjacent enemies.
Your hexes are more powerful.


Message History

The gnoll bouda looks as sick as possible!
The gnoll bouda looks weaker.
The gnoll bouda is heavily wounded.
The gnoll bouda hits you with a +0 whip.
You barely miss the gnoll bouda.
The gnoll bouda is severely wounded.
You kill the gnoll bouda!
Okawaru accepts your kill.
Your Shapeshifting skill increases to level 5!
No target in view!
Things that are here:
a +0 whip; a +0 robe; a gnoll corpse
Found a shimmering altar of Xom.
Pokonic1's ghost turns its malevolent gaze towards you.
No reachable target in view!
Key pressed, stopping explore.
No reachable target in view!
You open the door. The +0 quarterstaff of chaos hits you.
The +0 quarterstaff of chaos freezes you.
Aiming: Throw Flame
Press: ? - help, Shift-Dir - straight line, f - Pokonic1's ghost
Aim: Pokonic1's ghost, wielding a weapon of freezing (60% to hit)
The puff of flame hits the +0 quarterstaff of chaos.
The +0 quarterstaff of chaos resists.
The +0 quarterstaff of chaos is lightly damaged.
The +0 quarterstaff of chaos hits you! x2; You partially resist.
You feel drained.
You hit the +0 quarterstaff of chaos but do no damage.
The +0 quarterstaff of chaos is lightly damaged.
The +0 quarterstaff of chaos hits you!
Your condensation shield dissipates!
The +0 quarterstaff of chaos burns you.
You miss the +0 quarterstaff of chaos. The +0 quarterstaff of chaos hits you!
* * * LOW HITPOINT WARNING * * *
The +0 quarterstaff of chaos burns you.
* * * LOW HITPOINT WARNING * * *
The +0 quarterstaff of chaos hits you!
* * * LOW HITPOINT WARNING * * *
The +0 quarterstaff of chaos freezes you.
You die...

[......?...................>#
.....#.........######....##.#
.....#.#####...######.##.##.#
.....#.#####.###.......#.##.#####
.....#.....#...###.....#.##......
.....#.....#..##.##....#.##.#####
.....#.....#..#.W.#...##.##...#
#...##.....#..##(##...##.##.#.#
..............@...........#.#
....................###.#....###
(.................#.# #.##.#...#
######..#..#.#...##.######...#.#
# #.......#...##........#...# #
#..#........#######...#...# #
#......<....##.......###...
#######...........##.............
#..)..#...........##.....#.....#.


You could see a +0 quarterstaff of chaos and Pokonic1's ghost.

Vanquished Creatures
  A hornet (D:7)
  Sigmund (D:3)
  Menkaure (D:4)
  Duvessa (D:4)
  3 sky beasts (D:7)
  An ice beast (D:7)
  A black bear (D:6)
  A bullfrog (D:6)
  A kobold brigand (D:7)
  A gnoll sergeant (D:6)
  4 scorpions
  Dowan (D:4)
  A howler monkey (D:7)
  2 electric eels (D:7)
  Crazy Yiuf (D:4)
  4 hounds
  3 orc priests
  A gnoll bouda (D:7)
  5 iguanas
  4 orc wizards
  Ijyb (D:4)
  Natasha (thrice) (D:3)
  5 gnolls (D:6)
  6 adders
  2 white imps
  An ufetubus (D:6)
  A worm (D:4)
  3 dart slugs
  14 orcs
  2 endoplasms
  3 giant cockroaches
  4 goblins
  5 hobgoblins
  9 kobolds
  8 quokkas
  7 ball pythons
  7 bats
  7 frilled lizards
  3 rats
129 creatures vanquished.

Notes
Turn   | Place    | Note
-------+----------+-------------------------------------------
     0 | D:1      | innerfire43 the Demonspawn Monk began the quest for the
                  | Orb.
     0 | D:1      | Reached XP level 1. HP: 18/18 MP: 1/1
   149 | D:1      | Gained mutation: A meltable shield of frost defends you.
                  | (SH +0) [demonic ancestry]
   149 | D:1      | Reached XP level 2. HP: 17/24 MP: 2/2
  1035 | D:2      | Reached XP level 3. HP: 28/30 MP: 3/3
  1235 | D:2      | Found Payfemmuggi's Book Boutique.
  1742 | D:3      | Reached skill level 4 in Fighting
  1801 | D:3      | Identified the +0 dagger "Qer Zed" {freeze, rN+ Will++
                  | Stlth+}
  1836 | D:3      | Gained mutation: You are partially covered in icy blue
                  | scales. (AC +2) [demonic ancestry]
  1836 | D:3      | Reached XP level 4. HP: 36/37 MP: 4/4
  1854 | D:3      | Noticed Natasha
  1861 | D:3      | Killed Natasha
  2005 | D:3      | Noticed Natasha
  2013 | D:3      | Killed Natasha
  2055 | D:3      | Noticed Natasha
  2062 | D:3      | Killed Natasha
  2063 | D:3      | Gained mutation: Your hexes are more powerful. [demonic
                  | ancestry]
  2063 | D:3      | Reached XP level 5. HP: 36/43 MP: 5/5
  2211 | D:3      | Found a faded altar of an unknown god.
  2466 | D:3      | Noticed Sigmund
  2478 | D:3      | Killed Sigmund
  2479 | D:3      | Reached skill level 5 in Fighting
  2479 | D:3      | Reached XP level 6. HP: 14/51 MP: 6/6
  2603 | D:3      | Prayed at the altar of an unknown god.
  2603 | D:3      | Became a worshipper of Warmaster Okawaru
  2603 | D:3      | Reached * piety under Okawaru
  2603 | D:3      | Reached ** piety under Okawaru
  2679 | D:4      | Reached skill level 1 in Invocations
  2741 | D:4      | Noticed Menkaure
  2752 | D:4      | Reached *** piety under Okawaru
  2759 | D:4      | Killed Menkaure
  2760 | D:4      | Reached skill level 6 in Fighting
  2760 | D:4      | Gained mutation: Spells you cast may paralyse adjacent
                  | enemies. [demonic ancestry]
  2760 | D:4      | Reached XP level 7. HP: 8/58 MP: 6/8
  3100 | D:4      | Noticed Ijyb
  3110 | D:4      | Killed Ijyb
  3140 | D:4      | Noticed Dowan
  3140 | D:4      | Noticed Duvessa
  3153 | D:4      | Killed Duvessa
  3159 | D:4      | Killed Dowan
  3291 | D:4      | Found Heal's Gadget Gallery.
  3483 | D:4      | Found a runed translucent door.
  3484 | D:4      | Noticed Crazy Yiuf
  3742 | D:4      | Killed Crazy Yiuf
  3870 | D:5      | Entered Level 5 of the Dungeon
  4064 | D:5      | Reached skill level 1 in Armour
  4068 | D:5      | Gained mutation: You are mostly covered in icy blue scales.
                  | (AC +3) [demonic ancestry]
  4068 | D:5      | Reached XP level 8. HP: 52/65 MP: 10/10
  4347 | D:6      | Reached skill level 1 in Shapeshifting
  4351 | D:6      | Reached skill level 5 in Axes
  4375 | D:6      | Reached **** piety under Okawaru
  4499 | D:6      | Identified the -1 buckler of Nueb {SInv}
  4975 | D:7      | Noticed a hornet
  4979 | D:7      | Paralysed by a hornet for 1 turns
  4985 | D:7      | Killed a hornet
  5376 | D:7      | Gained mutation: Your melee attacks may debilitate your
                  | foes. [demonic ancestry]
  5376 | D:7      | Reached XP level 9. HP: 52/71 MP: 11/11
  5439 | D:7      | Found an opulent altar of Gozag.
  5816 | D:7      | Reached skill level 7 in Fighting
  5821 | D:7      | Identified the +1 robe of Watchfulness {rElec Stlth+}
  5888 | D:7      | Found a runed translucent door.
  5931 | D:7      | Found a staircase to the Ecumenical Temple.
  5952 | D:7      | Reached skill level 5 in Shapeshifting
  5996 | D:7      | Found a shimmering altar of Xom.
  5996 | D:7      | Noticed Pokonic1's ghost (novice DsIE)
  5996 | D:7      | Noticed a +0 quarterstaff of chaos
  6015 | D:7      | HP: 1/71 [+0 quarterstaff of chaos (10)]
  6015 | D:7      | Slain by a +0 quarterstaff of chaos

Illustrated notes

Levels and vault maps discovered:
D:1:      lightli_arrival_chessboard, layout_basic
D:2:      layout_basic, serial_shops, shop, minmay_misc_feat_ornament
D:3:      layout_basic, serial_corexii_hall, chequers_hall_statues_corner_a,
          chequers_hall_statues_y, chequers_ecumenical_altar_island,
          uniq_natasha, uniq_sigmund
D:4:      layout_loops_cross, nicolae_overflow_crystal_walls,
          nicolae_shop_gadgets, uniq_ijyb, uniq_menkaure, uniq_duvessa,
          uniq_crazy_yiuf_cottage
D:5:      layout_rooms
D:6:      layout_cave_pools, moated_statue
D:7:      layout_basic, nicolae_elyvilon_temple_path,
          mainiacjoe_overflow_concentric_impassable,
          lemuel_zombie_altar_kikubaaqudgha, minmay_temple_entry_tees,
          ebering_ghost_xom, kennysheep_nub, st_stairs_6

Skill      XL: |  1  2  3  4  5  6  7  8  9 |
---------------+----------------------------+-----
Dodging        | 3 4 |  4.6
Axes           | 3 4 6 |  6.5
Fighting       | 4 5 6 7 |  7.0
Invocations    | 2 3 |  3.2
Armour         | 1 |  1.1
Shapeshifting  | 4 5 |  5.0

Action                     |  1- 3 |  4- 6 |  7- 9 || total
---------------------------+-------+-------+-------++-------
  Melee: Hand axe          |    93 |    66 |   252 ||   411
  Evoke: Wand              |       |       |     8 ||     8
    Use: Potion            |       |     2 |     3 ||     5
         Scroll            |       |       |    11 ||    11
   Stab: Sleeping          |       |       |     2 ||     2
 Armour: Robe              |    30 |    10 |     6 ||    46
         Leather armour    |       |       |    85 ||    85
  Dodge: Dodged            |    51 |    39 |   161 ||   251
  Block: Orb               |     9 |     8 |    22 ||    39
         Buckler           |       |       |    46 ||    46
   Form: Beast             |       |       |     1 ||     1
                           |       |       |     1 ||     1

Table legend: (Time is in decaauts)
 A = Elapsed time spent in this place.
 B = Non-inter-level travel time spent in this place.
 C = Inter-level travel time spent in this place.
 D = Time resting spent in this place.
 E = Time spent auto-exploring this place.
 F = Levels seen in this place.
 G = Mean time per level.
                   A        B        C        D        E       F      G
               +--------+--------+--------+--------+--------+-----+--------+
         Total |   6078 |   5753 |    325 |      0 |   4677 |   7 |  868.3 |
       Dungeon |   6078 |   5753 |    325 |      0 |   4677 |   7 |  868.3 |
               +--------+--------+--------+--------+--------+-----+--------+

Top non-repeatable levels by time:
     D:4: 1232 daAuts
     D:1: 968 daAuts
     D:3: 931 daAuts
     D:7: 878 daAuts
     D:6: 824 daAuts
     D:2: 771 daAuts
     D:5: 471 daAuts
